 Dungeon Crawl Stone Soup version 0.28.0-53-g5a82cb258f (webtiles) character file.

Game seed: 14088435639636349538

401 Peloso the Covered (level 6, -9/53 HPs)
             Began as a Minotaur Fighter on Aug 6, 2022.
             Was a Follower of Okawaru.
             Mangled by Menkaure (17 damage)
             ... on level 4 of the Dungeon.
             The game lasted 00:04:50 (3287 turns).

Peloso the Covered (Minotaur Fighter)               Turns: 3287, Time: 00:04:51

Health: -9/53      AC:  7    Str: 20    XL:     6   Next: 54%
Magic:  5/5        EV: 10    Int:  5    God:    Okawaru [*.....]
Gold:   89         SH:  5    Dex: 12    Spells: 5/5 levels left

rFire   . . .      SeeInvis .   a - +0 long sword
rCold   . . .      Faith    .   c - +0 buckler
rNeg    . . .      Spirit   .   b - +0 scale mail
rPois   .          Reflect  .   (helmet restricted)
rElec   .          Harm     .   (no cloak)
rCorr   .          Rampage  .   (no gloves)
Will    .....                   (no boots)
Stlth   ..........              (no amulet)
HPRegen 0.17/turn               (no ring)
MPRegen 0.09/turn               (no ring)

@: no status effects
A: horns 2, retaliatory headbutt
a: Renounce Religion, Heroism


You were on level 4 of the Dungeon.
You worshipped Okawaru.
Okawaru was aware of your devotion.
You visited 1 branch of the dungeon, and saw 4 of its levels.

You collected 89 gold pieces.

Inventory:

Hand Weapons
 a - a +0 long sword (weapon)
Armour
 b - a +0 scale mail (worn)
 c - a +0 buckler (worn)
Scrolls
 e - 3 scrolls of teleportation {unknown}
 g - a scroll of enchant weapon {unknown}
 h - a scroll of magic mapping {unknown}
 i - a scroll of noise {unknown}
 l - a scroll of amnesia {unknown}
 m - a scroll of fear {unknown}
 n - a scroll of torment {unknown}
 p - a scroll of identify
Potions
 d - a potion of might
 f - a potion of brilliance
 j - 3 potions of curing
 k - a potion of degeneration {unknown}
 o - a potion of resistance {unknown}


   Skills:
 + Level 4.6 Fighting
 + Level 5.3 Long Blades
 + Level 5.5 Armour
 + Level 2.1 Dodging
 + Level 0.1 Stealth
 + Level 4.6 Shields


You had 5 spell levels left.
You didn't know any spells.
Your spell library contained the following spells:

 Spells                   Type           Power      Damage    Failure   Level
 Shock                    Conj/Air       0%         1d3       88%         1
 Swiftness                Air            0%         N/A       99%         3
 Airstrike                Air            0%         N/A       100%        4
 Alistair's Intoxication  Tmut/Pois      0%         N/A       100%        5
 Borgnjor's Vile Clutch   Necr/Erth      0%         N/A       100%        5
 Eringya's Noxious Bog    Tmut/Pois      0%         N/A       100%        6
 Orb of Destruction       Conj           0%         9d5       100%        7
 Summon Guardian Golem    Hex/Summ       Unusable   N/A       N/A         3
 Spellforged Servitor     Conj/Summ      Unusable   N/A       N/A         7

Dungeon Overview and Level Annotations

Branches:
Dungeon (4/15)
 Temple: D:4-7

Altars:
Ashenzari
Cheibriados
Hepliaklqana
Okawaru
Xom

Annotations:
D:4 Menkaure


Innate Abilities, Weirdness & Mutations

You have a pair of horns on your head.
You reflexively headbutt those who attack you in melee.


Message History

The phantom is moderately damaged.
The phantom hits you!
The phantom blinks!
You blink.
The phantom barely misses you.
You slash the phantom!
The phantom is almost destroyed.
The phantom hits you.
The phantom hits you but does no damage.
You hit the phantom but do no damage.
The phantom is almost destroyed.
The phantom closely misses you. You furiously retaliate!
You headbutt the phantom. You hit the phantom.
You destroy the phantom!
Okawaru is honoured by your kill.
Your Dodging skill increases to level 2!
Found a scroll of identify.
You see here a +3 war axe.
p - a scroll of identify Menkaure, Prince of Dust comes into view.
Menkaure shouts!
You hear a shout!
Menkaure is nearby!
Menkaure is nearby!
Menkaure casts a spell.
Menkaure seems to speed up.
Menkaure casts a spell at you. Pain shoots through your body!
An ogre comes into view. It is wielding a +0 giant club.
Menkaure hits you!!
Menkaure gestures at you while chanting.
You barely resist. You barely miss Menkaure. Menkaure hits you!
* * * LOW HITPOINT WARNING * * *
You hit Menkaure.
Menkaure is lightly damaged.
Menkaure hits you.
* * * LOW HITPOINT WARNING * * *
You slash Menkaure!
Menkaure is heavily damaged.
Menkaure hits you!
You die...

.## ######### ..
..#.....# #.#
......... #..
.......... #.####..
..........# ##O....
..........# #M..#
..........# ##@.#
..........# #...#
#########
..........# #.#.#
#.......#
.........######.#.#
#.......# ........#
#.......# #(......#
###..####
#.......####.......#
......#
#.......#....##.####
#.....#
####.##...#####.#
#.....# #####....###
#.#


You could see an ogre and Menkaure (fast).

Vanquished Creatures
  Pargi (D:4)
  A black bear (D:4)
  A phantom (D:4)
  Robin (D:4)
  An adder (D:2)
  An ufetubus (D:4)
  3 worms (D:2)
  3 dart slugs
  4 bats (D:1)
  6 endoplasms
  2 giant cockroaches
  24 goblins
  10 hobgoblins
  4 jackals (D:4)
  6 quokkas
  9 ball pythons
  7 frilled lizards
  6 kobolds
  7 rats
97 creatures vanquished.

Notes
Turn   | Place    | Note
-------+----------+-------------------------------------------
     0 | D:1      | Peloso the Minotaur Fighter began the quest for the Orb.
     0 | D:1      | Reached XP level 1. HP: 19/19 MP: 0/0
    83 | D:1      | Reached XP level 2. HP: 27/27 MP: 1/1
   388 | D:1      | Reached XP level 3. HP: 33/33 MP: 2/2
  1462 | D:2      | Reached XP level 4. HP: 33/40 MP: 3/3
  2014 | D:3      | Found a broken altar of Ashenzari.
  2021 | D:3      | Found a snail-covered altar of Cheibriados.
  2026 | D:3      | Found a shimmering altar of Xom.
  2028 | D:3      | Found a hazy altar of Hepliaklqana.
  2030 | D:3      | Found an iron altar of Okawaru.
  2036 | D:3      | Became a worshipper of Warmaster Okawaru
  2694 | D:4      | Noticed a black bear
  2711 | D:4      | Killed a black bear
  2712 | D:4      | Reached skill level 1 in Dodging
  2712 | D:4      | Reached XP level 5. HP: 36/47 MP: 4/4
  2823 | D:4      | Noticed Robin
  2843 | D:4      | Killed Robin
  2989 | D:4      | Noticed Pargi
  3006 | D:4      | Killed Pargi
  3006 | D:4      | Reached * piety under Okawaru
  3007 | D:4      | Reached skill level 5 in Long Blades
  3007 | D:4      | Reached skill level 5 in Armour
  3007 | D:4      | Reached XP level 6. HP: 40/53 MP: 5/5
  3279 | D:4      | Noticed Menkaure
  3287 | D:4      | Mangled by Menkaure

Illustrated notes

Levels and vault maps discovered:
D:1:      wheals_arrival_linesprint, layout_loops_ring, chequers_arboretum,
          minmay_hexomino_f4
D:2:      layout_loops_ring, skrybe_limestone_x, roderic_nine_men_s_morris
D:3:      layout_loops_cross, minitemple
D:4:      layout_rooms, uniq_pargi, uniq_menkaure, uniq_robin, uniq_ijyb

Skill      XL: |  1  2  3  4  5  6 |
---------------+-------------------+-----
Armour         | 4 5 |  5.5
Shields        | 4 |  4.6
Fighting       | 4 |  4.6
Long Blades    | 3 4 5 |  5.3
Dodging        | 1 2 |  2.1
Stealth        | |  0.1

Action                   |  1- 3 |  4- 6 || total
-------------------------+-------+-------++-------
Melee: Long sword        |    99 |   116 ||   215
       Headbutt          |    17 |    11 ||    28
  Use: Scroll            |     3 |     1 ||     4
       Potion            |     1 |       ||     1
Armor: Scale mail        |    47 |    77 ||   124
Dodge: Dodged            |    38 |    78 ||   116
Block: Buckler           |    22 |    34 ||    56
